AoeStats
← NuMa | JuanMan

Arena

505258754Analyzed
1v1 RM · 24d ago on Sep 8, 2026· 20m 48s· 2 players
Game mode
Random Map
Map size
Tiny (2 player)
Population
200
Speed
Normal
Resources
Standard
Victory
Conquest
Starting age
Dark Age
Ending age
Imperial Age
RankedLock teamsTeams togetherTeam positionsShared explorationLock speedFull tech treeHidden civsTurbo modeCheats
Victory
Defeat
1658
+11
🇨🇴 Ethiopians · Colombia
1545
-11
GdR_Scranton Strangler
10:04 Feudal Age
11:06 Double-Bit Axe
13:37 Castle Age
11:50 Horse Collar
15:30 Bow Saw
16:10 Loom
NuMa | JuanMan
9:53 Feudal Age
9:53 Loom
13:29 Castle Age
13:14 Double-Bit Axe
14:45 Bow Saw
Connection lost

Rejoining the realm…

Still unreachable

The connection could not be restored.

Session expired

The server has moved on; the page needs a fresh start.